 Dungeon Crawl Stone Soup version 0.20.1-1-g8b1a95d (webtiles) character file.

85 Jukra the Ruffian (level 4, -1/45 HPs)
             Began as a Troll Monk on Aug 7, 2017.
             Succumbed to a gnoll's poison
             ... on level 3 of the Dungeon.
             The game lasted 00:06:09 (1434 turns).

Jukra the Ruffian (Troll Monk)                      Turns: 1434, Time: 00:06:09

Health: -1/45      AC:  5    Str: 19    XL:     4   Next: 25%
Magic:  3/3        EV: 11    Int:  6    God:
Gold:   83         SH:  0    Dex: 13    Spells: 3/3 levels left

rFire    . . .     SeeInvis .     - Unarmed
rCold    . . .     Gourm    +   (no shield)
rNeg     . . .     Faith    .   a - +0 robe
rPois    .         Spirit   .   (helmet restricted)
rElec    .         Reflect  .   (no cloak)
rCorr    .         Harm     .   (gloves unavailable)
MR       .....                  (boots unavailable)
Stlth    ++........             (no amulet)
Regen    0.6/turn               (no ring)
MPRegen  0.1/turn               (no ring)

@: lethally poisoned (-1 -> -19), hasted, very quick
A: unfitting armour, claws 3, fast metabolism 3, gourmand, regeneration 1,
shaggy fur 1, tough skin 2
a: no special abilities


You were on level 3 of the Dungeon.
You were not hungry.

You visited 1 branch of the dungeon, and saw 3 of its levels.

You collected 83 gold pieces.

Inventory:

Hand Weapons
 d - a cursed -1 hunting sling
Armour
 a - a +0 robe (worn)
 g - a +0 pair of boots
 i - a +0 scale mail
Scrolls
 c - a scroll of enchant weapon {unknown}
 k - a scroll of remove curse {unknown}
 m - a scroll of teleportation {unknown}
 o - a scroll of fog {unknown}
 p - a scroll of magic mapping {unknown}
 q - a scroll of amnesia {unknown}
 r - a scroll of identify {unknown}
Potions
 f - a potion of berserk rage {unknown}
 h - a potion of heal wounds {unknown}
 j - 2 potions of resistance {unknown}
 l - a potion of curing {unknown}
Comestibles
 b - 4 bread rations
 n - 2 fruits


   Skills:
 + Level 3.0 Fighting
 + Level 2.9 Dodging
 + Level 1.4 Stealth
 + Level 3.7 Unarmed Combat


You had 3 spell levels left.
You didn't know any spells.

Dungeon Overview and Level Annotations

Branches:
Dungeon (3/15)

Altars:


Innate Abilities, Weirdness & Mutations

You are too large for most types of armour.
You have claws for hands.
Your metabolism is lightning-fast.
You like to eat raw meat.
Your natural rate of healing is unusually fast.
You are covered in fur. (AC +1)
You have very tough skin. (AC +2)


Message History

You feel sick.
The gnoll hits you from afar with a halberd of venom!
* * * LOW HITPOINT WARNING * * *
You are lethally poisoned!
The gnoll hits you but does no damage.
It was a potion of haste.
You feel yourself speed up.
* * * LOW HITPOINT WARNING * * *
You feel sick. The gnoll closely misses you. x2
You claw the gnoll!
You kill the gnoll!
* * * LOW HITPOINT WARNING * * *
You feel sick.
* * * LOW HITPOINT WARNING * * *
You feel sick.
The gnoll hits you with a halberd of venom.
* * * LOW HITPOINT WARNING * * *
You are more poisoned.
You see here a throwing net.
You closely miss the gnoll.
You die...

#### ..# #.#
###.## ## #....#
.. #.#..### ###
#(##$)....# ##.##
#.g@..###.###.#.##
#....)..#
#......#.#
#.#.#...#
#.###...## #
#.###.....# ##.##
. ###########.# .#
#.....# #...# ..
#.....# #.### #..#
#.....###.#### .
#............#


You could see a gnoll.

Vanquished Creatures
  3 gnolls (D:3)
  2 adders
  A leopard gecko (D:1)
  A giant cockroach (D:1)
  2 hobgoblins (D:1)
  7 jackals
  2 quokkas (D:2)
  2 bats
  A frilled lizard (D:2)
  6 goblins
  6 kobolds
  4 rats
37 creatures vanquished.

Notes
Turn   | Place    | Note
-------+----------+-------------------------------------------
     0 | D:1      | Jukra the Troll Monk began the quest for the Orb.
     0 | D:1      | Reached XP level 1. HP: 22/22 MP: 0/0
   377 | D:1      | Reached XP level 2. HP: 29/29 MP: 1/1
  1060 | D:2      | Reached XP level 3. HP: 31/36 MP: 2/2
  1427 | D:3      | Reached XP level 4. HP: 30/45 MP: 3/3
  1433 | D:3      | HP: 1/45 [gnoll/halberd of venom (6)]
  1434 | D:3      | Succumbed to a gnoll's poison

Skill      XL: |  1  2  3 |
---------------+----------+-----
Fighting       | 3 |  3.0
Dodging        | |  2.9
Stealth        | |  1.4
Unarmed Combat | |  3.7

Action                   |  1- 3 |  4- 6 || total
-------------------------+-------+-------++-------
Melee: Unarmed           |    85 |     5 ||    90
       Punch             |     3 |       ||     3
  Use: Potion            |       |     1 ||     1
 Stab: Sleeping          |     1 |       ||     1
  Eat: Chunk             |     6 |       ||     6
       Fruit             |     2 |       ||     2
       Meat ration       |     1 |       ||     1
Armor: Robe              |    20 |     1 ||    21
Dodge: Dodged            |    55 |     4 ||    59
